 Dungeon Crawl Stone Soup version 0.23-a0-241-g3b46b07 (webtiles) character file.

8 grindst0ne the Skirmisher (level 2, -1/21 HPs)
             Began as an Octopode Fighter on Sept 26, 2018.
             Slain by a giant cockroach (2 damage)
             ... on level 1 of the Dungeon.
             The game lasted 00:00:25 (38 turns).

grindst0ne the Skirmisher (Octopode Fighter)          Turns: 38, Time: 00:00:26

Health: -1/21      AC:  1    Str: 15    XL:     2   Next: 8%
Magic:  2/2        EV: 11    Int: 10    God:
Gold:   0          SH:  8    Dex: 11    Spells: 1/1 levels left

rFire    . . .     SeeInvis .   a - +0 war axe
rCold    . . .     Gourm    .   b - +0 shield
rNeg     . . .     Faith    .   (helmet restricted)
rPois    .         Spirit   .   (no amulet)
rElec    .         Reflect  .   (no ring)
rCorr    .         Harm     .   (no ring)
MR       .....                  (no ring)
Stlth    +++.......             (no ring)
HPRegen  0.07/turn              (no ring)
MPRegen  0.08/turn              (no ring)
                                (no ring)
                                (no ring)

@: no status effects
A: almost no armour, stealthy swim, amphibious, 8 rings, constrict 8, camouflage
1, gelatinous body 1
a: no special abilities


You were on level 1 of the Dungeon.
You were not hungry.

You visited 1 branch of the dungeon, and saw 1 of its levels.

Inventory:

Hand Weapons
 a - a +0 war axe (weapon)
Armour
 b - a +0 shield (worn)
Potions
 c - a potion of might
 e - a potion of cancellation {unknown}
 f - a potion of haste {unknown}
Comestibles
 d - a ration


   Skills:
 + Level 3.1 Fighting
 - Level 2.0 Axes
 - Level 3.0 Dodging
 * Level 2.0 Stealth
 - Level 3.0 Shields


You had one spell level left.
You didn't know any spells.
Your spell library was empty.

Dungeon Overview and Level Annotations

Branches:
Dungeon (1/15)

Altars:


Innate Abilities, Weirdness & Mutations

You cannot wear most types of armour.
You are very stealthy in the water. (Stealth+)
You are amphibious.
You can wear up to eight rings at the same time.
You can use your tentacles to constrict eight enemies at once.
Your skin changes colour to match your surroundings (Stealth+).
Your rubbery body absorbs attacks. (AC +1, EV +1)


Message History

You closely miss the giant cockroach. Your grab misses the giant cockroach.
The giant cockroach bites you.
* * * LOW HITPOINT WARNING * * *
The giant cockroach barely misses you. The giant cockroach bites you.
* * * LOW HITPOINT WARNING * * *
You barely miss the giant cockroach. You grab the giant cockroach.
You hit the giant cockroach. You constrict the giant cockroach.
The giant cockroach bites you.
* * * LOW HITPOINT WARNING * * *
The giant cockroach bites you.
* * * LOW HITPOINT WARNING * * *
The giant cockroach barely misses you.
You barely miss the giant cockroach.
The giant cockroach is heavily wounded.
You hit the giant cockroach. x2; You constrict the giant cockroach.
You kill the giant cockroach!
Your Stealth skill increases to level 2!
You block the giant cockroach's attack. x2
The giant cockroach barely misses you. The giant cockroach bites you.
You die...

####..#####
#........?########
###...(.....##......
..#...............#
...............####
#'##.......)#..?..#####.#
♣.♣##..(....#....)......#
.<..#.......#..†........#
≈≈≈##...........@s..###.#
PPP#........#....s..>...
####..#######...........
... #............g
#.............
#.............
.............
..............


You could see 2 giant cockroaches.

Vanquished Creatures
  A dart slug (D:1)
  2 giant cockroaches (D:1)
  2 hobgoblins (D:1)
5 creatures vanquished.

Notes
Turn   | Place    | Note
-------+----------+-------------------------------------------
     0 | D:1      | grindst0ne the Octopode Fighter began the quest for the
                  | Orb.
     0 | D:1      | Reached XP level 1. HP: 16/16 MP: 1/1
    23 | D:1      | Reached skill level 1 in Stealth
    32 | D:1      | Reached XP level 2. HP: 6/21 MP: 2/2
    37 | D:1      | HP: 1/21 [giant cockroach (1)]
    38 | D:1      | Slain by a giant cockroach

Vault maps used:
D:1:      tarquinn_simple_flora_water_e, minmay_misc_feat_x, roderic_lattice_a

Skill      XL: |  1  2 |
---------------+-------+-----
Stealth        | 1 2 |  2.0
Fighting       | |  3.1
Axes           | |  2.0
Dodging        | |  3.0
Shields        | |  3.0

Action                   || total
-------------------------++-------
Melee: War axe           ||    10
       Constrict         ||     4
       Tentacles         ||     1
 Stab: Sleeping          ||     4
Dodge: Dodged            ||     3
Block: Shield            ||     3

Table legend:
 A = Non-vault XP
 B = Vault XP
 C = Vault XP percentage of total XP
 D = Non-vault monster count
 E = Vault monster count
 F = Vault count percentage of total count
                 A         B        C        D         E       F
            +---------+---------+-------+---------+---------+-------
      Total |      12 |       0 |   0.0 |       5 |       0 |   0.0
            +---------+---------+-------+---------+---------+-------
        D:1 |      12 |       0 |   0.0 |       5 |       0 |   0.0
            +---------+---------+-------+---------+---------+-------
